 Dungeon Crawl Stone Soup version 0.24-a0-537-g2d01d4ab0a (webtiles) character file.

Game seed: 10051792412446027179

2586 Mithandil the Schismatic (level 9, 0/68 HPs)
             Began as a Demonspawn Abyssal Knight on Aug 15, 2019.
             Was an Elder of Lugonu.
             Slain by an orc wizard
             ... wielding a +0 dagger of electrocution
              (10 damage)
             ... on level 8 of the Dungeon.
             The game lasted 00:29:31 (6365 turns).

Mithandil the Schismatic (DsAK)                     Turns: 6365, Time: 00:29:31

Health: 0/68       AC: 16    Str: 15    XL:     9   Next: 32%
Magic:  13/13      EV:  2    Int: 15    God:    Lugonu [****..]
Gold:   421        SH: 24    Dex: 12    Spells: 8/8 levels left

rFire    . . .     SeeInvis .   a - +2 falchion
rCold    + . .     Gourm    .   l - +1 large shield
rNeg     . . .     Faith    .   e - +0 plate armour
rPois    .         Spirit   .   v - +2 helmet
rElec    .         Reflect  +   (no cloak)
rCorr    .         Harm     .   (no gloves)
MR       .....                  n - +0 pair of boots
Stlth    ..........             m - +5 amulet of reflection
HPRegen  0.21/turn              (no ring)
MPRegen  0.13/turn              (no ring)

@: no status effects
A: claws 1, large bone plates 1, cold resistance 1, spiny 1, freezing cloud
immunity
a: Depart the Abyss, Bend Space, Banish, Corrupt, Renounce Religion


You were on level 8 of the Dungeon.
You worshipped Lugonu.
Lugonu was greatly pleased with you.
You were not hungry.

You visited 1 branch of the dungeon, and saw 8 of its levels.
You visited the Abyss 1 time.

You collected 421 gold pieces.

Inventory:

Hand Weapons
 a - a +2 falchion (weapon)
 b - a +0 spear
 d - a +1 dagger of draining
 s - a +0 war axe of electrocution
Missiles
 f - 192 stones
 i - 18 bolts
 j - 10 boomerangs (quivered)
 p - 26 poisoned darts
 u - 50 sling bullets
Armour
 e - a +0 plate armour (worn)
 l - a +1 large shield (worn)
 n - a +0 pair of boots (worn)
 v - a +2 helmet (worn)
Magical Staves
 x - an uncursed staff of conjuration {unknown}
Jewellery
 m - a +5 amulet of reflection (around neck)
Wands
 r - a wand of disintegration (6)
Scrolls
 g - 10 scrolls of identify
 h - 3 scrolls of teleportation
 k - 6 scrolls of remove curse
 o - a scroll of amnesia
 q - a scroll of blinking
Potions
 t - 2 potions of ambrosia
 w - 2 potions of curing
Comestibles
 c - 5 rations
 z - 2 chunks of flesh


   Skills:
 + Level 5.3 Fighting
 * Level 6.0 Long Blades
 + Level 4.3 Armour
 + Level 4.0 Dodging
 - Level 1.0 Stealth
 * Level 5.4 Shields
 - Level 1.0 Unarmed Combat
 + Level 6.2 Invocations


You had 8 spell levels left.
You didn't know any spells.
Your spell library was empty.

Dungeon Overview and Level Annotations

Branches:
Dungeon (8/15)             Temple (0/1) D:5
   Lair: D:8-11

Altars:
Ru
Xom


Innate Abilities, Weirdness & Mutations

You have sharp fingernails.
You are partially covered in large bone plates. (SH +4)
Your flesh is cold resistant. (rC+)
You are partially covered in sharp spines.
You are immune to freezing clouds.


Message History

You hit the orc priest but do no damage.
The orc priest is lightly wounded.
You block the orc wizard's attack. You block the orc priest's attack.
The orc wizard is struck by your spines.
You kill the orc wizard!
Lugonu accepts your kill. You block something's attack.
You hit the orc priest but do no damage.
The orc priest is lightly wounded.
The orc priest is struck by your spines.
The orc priest hits you but does no damage.
Something hits you but does no damage.
You are electrocuted!
* * * LOW HITPOINT WARNING * * *
Unknown command.
You hit the orc priest but do no damage.
The orc priest is heavily wounded.
Something hits you.
* * * LOW HITPOINT WARNING * * *
You are electrocuted!
You die...

......#.##)..........#
......#.##...........#
.....................#
......#.##...........#
......#.#######...##.##
......#.# #........
......... #...##.##
..#####.# #.####.###
..# #.# #.@)...... ..#
..........o{...... ..#
###.####........ .##
......... .# .........
.##### ..........
...... ##.......)
.##### #........ .....


You could see an orc priest.

Vanquished Creatures
  Grinder (D:6)
  A hippogriff (D:7)
  Eustachio (D:6)
  A warg (D:7)
  Menkaure (D:6)
  2 ogres
  A black bear (D:6)
  3 centaurs
  2 bullfrogs
  2 scorpions
  2 howler monkeys
  A crimson imp (D:7)
  2 hounds
  A bullfrog skeleton (D:8)
  A jelly (D:8)
  5 orc wizards
  2 orc priests
  An iguana (D:4)
  9 worker ants
  3 gnolls (D:3)
  A howler monkey skeleton (D:4)
  10 adders
  3 oozes
  7 worms
  2 dart slugs
  A leopard gecko (D:1)
  10 orcs
  A ball python (D:3)
  6 bats
  4 giant cockroaches
  8 goblins
  6 hobgoblins
  5 jackals
  2 quokkas
  8 frilled lizards
  6 kobolds
  2 quokka skeletons
  6 rats
130 creatures vanquished.

Vanquished Creatures (others)
  The ghost of zx48k the Charlatan, a novice GnAr of Okawaru (D:4)
  A centaur (D:8)
2 creatures vanquished.

Grand Total: 132 creatures vanquished

Notes
Turn   | Place    | Note
-------+----------+-------------------------------------------
     0 | Abyss:1  | Mithandil the Demonspawn Abyssal Knight began the quest for
                  | the Orb.
     0 | Abyss:1  | Reached XP level 1. HP: 18/18 MP: 2/2
    32 | Abyss:1  | Noticed a smoke demon
    33 | D:1      | Escaped the Abyss
    50 | D:1      | Reached * piety under Lugonu
   267 | D:1      | Reached skill level 1 in Dodging
   280 | D:1      | Gained mutation: Your flesh is cold resistant. (rC+)
                  | [demonic ancestry]
   280 | D:1      | Reached XP level 2. HP: 21/24 MP: 3/3
   548 | D:1      | Gained mutation: You are partially covered in sharp spines.
                  | [demonic ancestry]
   548 | D:1      | Reached XP level 3. HP: 23/29 MP: 5/5
  1054 | D:2      | Reached ** piety under Lugonu
  1058 | D:2      | Reached skill level 1 in Stealth
  1142 | D:2      | Found a faded altar of an unknown god.
  1202 | D:2      | Reached XP level 4. HP: 35/35 MP: 6/6
  1321 | D:4      | Noticed a bullfrog
  1584 | D:2      | Reached skill level 1 in Shields
  1850 | D:3      | Reached skill level 1 in Unarmed Combat
  1852 | D:3      | Found a sacrificial altar of Ru.
  1908 | D:4      | Killed a bullfrog
  1908 | D:4      | Gained mutation: You have sharp fingernails. [demonic
                  | ancestry]
  1908 | D:4      | Reached XP level 5. HP: 26/41 MP: 7/7
  2405 | D:3      | Reached *** piety under Lugonu
  2625 | D:4      | Noticed an ogre
  2634 | D:4      | Killed an ogre
  2634 | D:4      | Gained mutation: You are immune to freezing clouds.
                  | [demonic ancestry]
  2634 | D:4      | Reached XP level 6. HP: 18/48 MP: 8/8
  2924 | D:4      | Found a runed translucent gate.
  2924 | D:4      | Found a runed translucent gate.
  2924 | D:4      | Found a runed translucent gate.
  2926 | D:4      | Noticed zx48k's ghost (novice GnAr)
  3238 | D:4      | Banished zx48k's ghost
  3238 | D:4      | Reached XP level 7. HP: 43/54 MP: 8/10
  3621 | D:5      | Entered Level 5 of the Dungeon
  4961 | D:5      | Found a staircase to the Ecumenical Temple.
  5118 | D:7      | Reached XP level 8. HP: 47/61 MP: 11/11
  5131 | D:7      | Reached skill level 5 in Invocations
  5232 | D:6      | Noticed Eustachio
  5279 | D:6      | Killed Eustachio
  5279 | D:6      | Reached skill level 5 in Long Blades
  5707 | D:6      | Noticed Menkaure
  5712 | D:6      | Reached **** piety under Lugonu
  5719 | D:6      | Killed Menkaure
  5719 | D:6      | Reached skill level 5 in Fighting
  5931 | D:6      | Noticed Grinder
  5952 | D:6      | Killed Grinder
  5952 | D:6      | Reached skill level 5 in Shields
  5952 | D:6      | Gained mutation: You are partially covered in large bone
                  | plates. (SH +4) [demonic ancestry]
  5952 | D:6      | Reached XP level 9. HP: 51/68 MP: 13/13
  6135 | D:7      | Found a shimmering altar of Xom.
  6365 | D:8      | Slain by an orc wizard

Levels and vault maps discovered:
D:1:      wander_arrival_peaceful_grave, layout_basic
D:2:      layout_rooms, chequers_ecumenical_altar_simple_redux, first_ration,
          serial_bayou_ford_a
D:3:      layout_rooms, hangedman_ru_absence
D:4:      layout_layer_cave, gammafunk_ghost_split
D:5:      layout_cave_pools, temple_green
D:6:      layout_basic, uniq_grinder, uniq_eustachio, uniq_menkaure
D:7:      lemuel_castle_with_subvaults [lemuel_castle_interior_carwin_2],
          layout_basic, nicolae_tso_swordbearing_angel,
          grunt_temple_overflow_open, basic_altar
D:8:      layout_basic, enter_bailey_3, uniq_erica

Skill      XL: |  1  2  3  4  5  6  7  8  9 |
---------------+----------------------------+-----
Dodging        | 1 2 3 4 |  4.0
Long Blades    | 2 3 4 5 6 |  6.0
Armour         | 2 3 4 |  4.3
Invocations    | 3 4 5 6 |  6.2
Stealth        | 1 |  1.0
Shields        | 1 2 3 5 |  5.4
Unarmed Combat | 1 |  1.0
Fighting       | 4 5 |  5.3

Action                   |  1- 3 |  4- 6 |  7- 9 || total
-------------------------+-------+-------+-------++-------
Melee: Falchion          |   101 |   136 |   309 ||   546
       Spear             |       |     2 |       ||     2
Invok: Depart the Abyss  |     1 |       |       ||     1
       Banish            |       |       |     1 ||     1
  Use: Scroll            |     5 |     1 |     9 ||    15
       Potion            |     5 |     1 |     2 ||     8
  Eat: Chunk             |     1 |     7 |     5 ||    13
       Ration            |       |       |     2 ||     2
Armor: Leather armour    |    17 |       |       ||    17
       Scale mail        |    16 |    64 |    27 ||   107
       Plate armour      |       |       |   144 ||   144
Dodge: Dodged            |    41 |    20 |    16 ||    77
Block: Large shield      |    34 |    81 |   334 ||   449
       Reflection        |       |       |     7 ||     7
       Rpst.: Falchion   |    16 |     8 |     8 ||    32

Table legend:
 A = Non-vault XP
 B = Vault XP
 C = Vault XP percentage of total XP
 D = Non-vault monster count
 E = Vault monster count
 F = Vault count percentage of total count
                 A         B        C        D         E       F
            +---------+---------+-------+---------+---------+-------
      Total |    2663 |    1032 |  27.9 |     125 |       7 |   5.3
            +---------+---------+-------+---------+---------+-------
        D:1 |      37 |       0 |   0.0 |      21 |       0 |   0.0
        D:2 |     104 |       0 |   0.0 |      28 |       0 |   0.0
        D:3 |     117 |       0 |   0.0 |      20 |       0 |   0.0
        D:4 |     546 |     240 |  30.5 |      16 |       3 |  15.8
        D:5 |     214 |       0 |   0.0 |      10 |       0 |   0.0
        D:6 |     673 |     619 |  47.9 |      13 |       3 |  18.8
        D:7 |     687 |     173 |  20.1 |      11 |       1 |   8.3
        D:8 |     285 |       0 |   0.0 |       6 |       0 |   0.0
            +---------+---------+-------+---------+---------+-------
